 Dungeon Crawl Stone Soup version 0.29.0-15-g675c0067aa (webtiles) character file.

Game seed: 16496058301549437624

11 Querens the Conjurer (level 2, -21/15 HPs)
             Began as a Deep Elf Conjurer on Sept 11, 2022.
             Killed by an exploding jackal (33 damage)
             ... ignited by their inner flame
             ... on level 1 of the Dungeon.
             The game lasted 00:01:46 (255 turns).

Querens the Conjurer (Deep Elf Conjurer)             Turns: 255, Time: 00:01:47

Health: -21/15     AC:  5    Str:  4    XL:     2   Next: 13%
Magic:  3/8        EV: 12    Int: 22    God:
Gold:   57         SH:  0    Dex: 13    Spells: 7/8 levels left

rFire   . . .      SeeInvis .   (no weapon)
rCold   . . .      Faith    .   (no shield)
rNeg    . . .      Spirit   .   a - +0 robe
rPois   .          Reflect  .   (no helmet)
rElec   .          Harm     .   d - +2 cloak
rCorr   .          Rampage  .   (no gloves)
Will    .....                   (no boots)
Stlth   ++........              (no amulet)
HPRegen 0.05/turn               (no ring)
MPRegen 0.11/turn               (no ring)

@: no status effects
A: no striking features
a: no special abilities


You were on level 1 of the Dungeon.
You visited 1 branch of the dungeon, and saw 1 of its levels.

You collected 57 gold pieces.

Inventory:

Armour
 a - a +0 robe (worn)
 d - a +2 cloak (worn)
Potions
 b - a potion of magic


   Skills:
 - Level 2.4 Dodging
 - Level 2.4 Stealth
 + Level 3.5 Spellcasting
 + Level 4.7 Conjurations


You had 7 spell levels left.
You knew the following spells:

 Your Spells              Type           Power      Damage    Failure   Level
a - Magic Dart            Conj           96%        1d7       1%          1

Your spell library contained the following spells:

 Spells                   Type           Power      Damage    Failure   Level
 Searing Ray              Conj           48%        2d6       2%          2
 Summon Small Mammal      Summ           12%        N/A       12%         1
 Dazzling Flash           Conj/Hex       28%        N/A       13%         3
 Call Canine Familiar     Summ           3%         N/A       34%         3
 Summon Guardian Golem    Hex/Summ       3%         N/A       34%         3
 Fulminant Prism          Conj/Hex       7%         3d7       41%         4
 Iskenderun's Mystic Bla  Conj/Tloc      14%        2d5       41%         4


Dungeon Overview and Level Annotations

Branches:
Dungeon (1/15)

Altars:


Message History

Aim: a jackal (100% to hit)
The magic dart hits the jackal.
The jackal is lightly wounded.
The jackal barely misses you.
Unknown command.
Casting: Magic Dart (safe; 1% risk of failure)
Confirm with . or Enter, or press ? or * to list all spells.
Aiming: Magic Dart (safe; 1% risk of failure)
Press: ? - help, Shift-Dir - straight line, f/p - jackal
Aim: a jackal (lightly wounded, 100% to hit)
The magic dart hits the jackal but does no damage.
The jackal is lightly wounded.
The jackal barely misses you.
Unknown command.
The jackal attacks as you move away! The jackal barely misses you. x2
The jackal bites you. The jackal attacks as you move away!
The jackal completely misses you. The jackal closely misses you.
The jackal misses you.
As you read the scroll labelled BEXECV NIUTOTAQI, it crumbles to dust.
It is a scroll of enchant weapon.
You aren't carrying any weapons that can be enchanted.
The jackal bites you but does no damage.
As you read the scroll labelled RUQI QYOL NEON, it crumbles to dust.
The creatures around you are filled with an inner flame!
It was a scroll of immolation.
The jackal closely misses you. The jackal misses you.
The jackal closely misses you.
The jackal bites you but does no damage.
The jackal closely misses you. x2
The jackal attacks as you move away!
The jackal bites you but does no damage.
You hit the jackal.
Flame seeps out of the jackal.
The jackal is heavily wounded.
The jackal is engulfed in blazing flames.
The jackal explodes!
The fiery explosion engulfs the bush!!!
The bush is on fire!
The bush is heavily damaged.
The fiery explosion engulfs you!!
Ouch! That really hurt!
You die...

.♣♣.....# ...............!...
♣♣##....#####
#.####............ #.#......#
...##.P.......... ##.#......#
##.#.P♣..........
##..#......####..P♣.P..........
#..............P..♣♣♣..........
#####......#P.♣P§♣♣♣.♣.........
#######...♣P○§.P...........
#.P♣♣@h§....#.#######
##P.♣.gh......# #P.....#######
##...(.# #######


You could see a gnoll (inner flame) and 2 jackals.

Vanquished Creatures
  2 ball pythons (D:1)
  An endoplasm (D:1)
  A hobgoblin (D:1)
  A jackal (D:1)
  3 quokkas (D:1)
  A frilled lizard (D:1)
  A kobold (D:1)
10 creatures vanquished.

Vanquished Creatures (others)
  3 plants (D:1)
3 creatures vanquished.

Grand Total: 13 creatures vanquished

Notes
Turn   | Place    | Note
-------+----------+-------------------------------------------
     0 | D:1      | Querens the Deep Elf Conjurer began the quest for the Orb.
     0 | D:1      | Reached XP level 1. HP: 10/10 MP: 6/6
   195 | D:1      | Reached XP level 2. HP: 13/15 MP: 5/8
   255 | D:1      | Killed by an exploding jackal... ignited by their inner
                  | flame

Illustrated notes

Levels and vault maps discovered:
D:1:      mrwooster_arrival_arrow, layout_rooms, serial_forest,
          infiniplex_forest_clump_small, infiniplex_forest_clump_small,
          infiniplex_forest_zigzag_2, infiniplex_forest_lined_2,
          infiniplex_forest_clump_double, infiniplex_forest_clump_medium

Action                   || total
-------------------------++-------
Melee: Unarmed           ||     9
 Cast: Magic Dart        ||    20
  Use: Scroll            ||     2
Armor: Robe              ||     6
Dodge: Dodged            ||    21
